 Dungeon Crawl Stone Soup version 0.21.1-1-g345015fe64 (webtiles) character file.

116368 Htamos the Eclecticist (level 16, -3/110 HPs)
             Began as a Deep Elf Conjurer on July 13, 2018.
             Was an Elder of Sif Muna.
             Succumbed to poison (poison gas)
             ... on level 4 of the Swamp.
             The game lasted 02:12:44 (52483 turns).

Htamos the Eclecticist (Deep Elf Conjurer)         Turns: 52483, Time: 02:12:44

Health: -3/110     AC: 24    Str:  2    XL:     16   Next: 20%
Magic:  16/47      EV:  4    Int: 37    God:    Sif Muna [****..]
Gold:   1248       SH: 17    Dex: 13    Spells: 23/48 levels left

rFire    + . .     SeeInvis .   I - +8 quick blade
rCold    + + .     Gourm    .   D - +2 shield
rNeg     + + .     Faith    .   x - +6 scale mail {rN+}
rPois    +         Spirit   .   i - +2 helmet of Bogymn {MP+9 Str+2}
rElec    +         Reflect  +   q - +2 cloak {MR+}
rCorr    +         Harm     .   (no gloves)
MR       ++...                  (no boots)
Stlth    ..........             h - +5 amulet of reflection
HPRegen  0.28/turn              Z - ring of wizardry
MPRegen  0.30/turn              u - ring "Nistiot" {rN+ AC+3 Str-5 Int+9 Stlth-}

@: lethally poisoned (-3 -> -74), resistant, very slightly contaminated,
invisible
A: rugged brown scales 1, clumsy 1, cold resistance 1, robust 1
a: Divine Energy, Channel Magic, Forget Spell, Renounce Religion


You were on level 4 of the Swamp.
You worshipped Sif Muna.
Sif Muna was greatly pleased with you.
You were hungry.

You visited 5 branches of the dungeon, and saw 28 of its levels.
You also visited: Sewer.

You collected 3419 gold pieces.
You spent 2171 gold pieces at shops.

Inventory:

Hand Weapons
 a - a +1 scimitar of flaming
 C - a +5 shortbow of flaming
 I - a +8 quick blade (weapon)
Missiles
 d - 834 stones (quivered)
 y - 579 arrows
Armour
 i - the +2 helmet of Bogymn (worn) {MP+9 Str+2}
   (You bought it in a shop on level 2 of the Orcish Mines)

   It affects your strength (+2).
   It affects your magic capacity (+9).
 q - a +2 cloak of magic resistance (worn)
 r - the +1 ring mail of Uskayaw's Approval {*Contam rN+ Int+2 SInv}
   (You found it on level 1 of the Swamp)

   It affects your intelligence (+2).
   It protects you from negative energy.
   It lets you see invisible.
   It causes magical contamination when unequipped.
 x - a +6 scale mail of positive energy (worn)
 D - a +2 shield (worn)
 W - the +1 cloak of the Slug {rElec}
   (You found it on level 4 of the Lair of Beasts)

   It insulates you from electricity.
Jewellery
 e - an uncursed ring of fire
 g - an uncursed ring of magical power
 h - a +5 amulet of reflection (around neck)
 t - an uncursed ring of flight
 u - the ring "Nistiot" (right hand) {rN+ AC+3 Str-5 Int+9 Stlth-}
   (You bought it in a shop on level 2 of the Orcish Mines)

   [ring of protection]

   It affects your AC (+3).
   It affects your strength (-5).
   It affects your intelligence (+9).
   It protects you from negative energy.
   It makes you less stealthy.
 z - a +5 ring of protection
 Y - an uncursed ring of poison resistance
 Z - a ring of wizardry (left hand)
Wands
 l - a wand of polymorph (16)
 s - a wand of random effects (62)
 E - a wand of digging (31)
 F - a wand of flame (47)
 O - a wand of acid (8)
 R - a wand of clouds (1)
 V - a wand of disintegration (17)
Scrolls
 m - 13 scrolls of identify
 n - 3 scrolls of magic mapping
 p - 7 scrolls of remove curse
 H - a scroll of fear
 K - a scroll of fog
 X - 5 scrolls of teleportation
Potions
 j - 3 potions of mutation
 k - 6 potions of might
 o - a potion of resistance
 v - a potion of berserk rage
 w - 6 potions of flight
 G - 2 potions of cancellation
 L - 5 potions of brilliance
 P - a potion of haste
 T - 2 potions of lignification
Books
 b - a Fen Folio

   Spells                             Type                      Level
   a - Corpse Rot                     Necromancy                   2
   b - Stone Arrow                    Conjuration/Earth            3
   c - Leda's Liquefaction            Hexes/Earth                  4
   d - Summon Forest                  Summoning/Translocation      5
   e - Hydra Form                     Transmutation                6
   f - Summon Hydra                   Summoning                    7
 f - Sif Muna's Catalogue of Vitriolic Battle Magic
   (Sif Muna gifted it to you on level 3 of the Lair of Beasts)

   Spells                             Type                      Level
   a - Fulminant Prism                Conjuration/Hexes            4
   b - Fireball                       Conjuration/Fire             5
   c - Conjure Ball Lightning         Conjuration/Air              6
   d - Poison Arrow                   Conjuration/Poison           6
   e - Orb of Destruction             Conjuration                  7
 A - a book of Debilitation

   Spells                             Type                      Level
   a - Corona                         Hexes                        1
   b - Slow                           Hexes                        2
   c - Inner Flame                    Hexes/Fire                   3
   d - Portal Projectile              Hexes/Translocation          3
   e - Cause Fear                     Hexes                        4
   f - Leda's Liquefaction            Hexes/Earth                  4
 B - a book of Unlife

   Spells                             Type                      Level
   a - Recall                         Summoning/Translocation      3
   b - Animate Dead                   Necromancy                   4
   c - Borgnjor's Vile Clutch         Necromancy/Earth             5
   d - Death Channel                  Necromancy                   6
   e - Simulacrum                     Ice/Necromancy               6
 J - Sif Muna's Incunabulum of the Camelopard
   (Sif Muna gifted it to you on level 9 of the Dungeon)

   Spells                             Type                      Level
   a - Teleport Other                 Translocation                3
   b - Lee's Rapid Deconstruction     Earth                        5
 N - a book of Ice

   Spells                             Type                      Level
   a - Ice Form                       Ice/Transmutation            4
   b - Metabolic Englaciation         Hexes/Ice                    5
   c - Ozocubu's Refrigeration        Ice                          6
   d - Bolt of Cold                   Conjuration/Ice              6
   e - Freezing Cloud                 Conjuration/Ice/Air          6
   f - Simulacrum                     Ice/Necromancy               6
 Q - a book of Enchantments

   Spells                             Type                      Level
   a - Cause Fear                     Hexes                        4
   b - Yara's Violent Unravelling     Hexes/Transmutation          5
   c - Silence                        Hexes/Air                    5
   d - Deflect Missiles               Charms/Air                   6
   e - Discord                        Hexes                        8
 S - Sif Muna's Collected Works on Lethal Poison
   (Sif Muna gifted it to you on level 8 of the Dungeon)

   Spells                             Type                      Level
   a - Throw Icicle                   Conjuration/Ice              4
   b - Venom Bolt                     Conjuration/Poison           5
   c - Irradiate                      Conjuration/Transmutation    5
 U - a book of Power

   Spells                             Type                      Level
   a - Iskenderun's Battlesphere      Conjuration/Charms           5
   b - Venom Bolt                     Conjuration/Poison           5
   c - Bolt of Magma                  Conjuration/Fire/Earth       5
   d - Iron Shot                      Conjuration/Earth            6
   e - Orb of Destruction             Conjuration                  7
   f - Spellforged Servitor           Conjuration/Summoning        7
Comestibles
 c - 13 rations


   Skills:
 - Level 10.5 Fighting
 - Level 8.0 Short Blades
 - Level 7.0 Armour
 - Level 10.2 Dodging
 - Level 2.4 Stealth
 + Level 9.5 Shields
 - Level 16.9 Spellcasting
 - Level 16.4 Conjurations


You had 23 spell levels left.
You knew the following spells:

 Your Spells              Type           Power        Failure   Level  Hunger
a - Magic Dart            Conj           ####         1%          1    None
b - Iskenderun's Mystic   Conj           ########     1%          4    None
c - Force Lance           Conj/Tloc      #######.     24%         4    None
d - Orb of Destruction    Conj           ########..   52%         7    ###....
e - Fulminant Prism       Conj/Hex       #######...   24%         4    None
f - Fireball              Conj/Fire      #######...   52%         5    None


Dungeon Overview and Level Annotations

Branches:
Dungeon (15/15)            Temple (0/1) D:7            Lair (6/6) D:10
  Swamp (4/4) Lair:3        Snake (0/4) Lair:3        Slime (1/5) Lair:6
    Orc (2/2) D:10            Elf (0/3) Orc:2        Vaults (0/5) D:14
 Depths (0/5) D:15

Altars:
Ashenzari
Fedhas
Gozag
Hepliaklqana
Kikubaaqudgha
Makhleb
Sif Muna
Trog
Uskayaw
Vehumet
Xom
Zin
The Shining One
Beogh
Jiyva

Shops:
D:9 ?   D:12 (   D:13 *   D:15 =   Orc:2 =[*[(

Portals:
Trove: D:15 (give 3 potions of resistance)


Innate Abilities, Weirdness & Mutations

You are partially covered in rugged brown scales. (AC +1, +3% HP)
You are clumsy. (Dex -2)
Your flesh is cold resistant. (rC+)
You are robust. (+10% HP)


Message History

You kill the swamp dragon!
Sif Muna accepts your kill.
The orb of energy explodes!
You are engulfed in poison gas.
You are more poisoned.
* * * LOW HITPOINT WARNING * * *
x2 You feel very sick.
You hear a roar! x2
You are engulfed in poison gas.
You are more poisoned.
* * * LOW HITPOINT WARNING * * *
x2 You feel extremely sick.
* * * LOW HITPOINT WARNING * * *
You feel very sick.
There is a lethal amount of poison in your body!
You feel protected.
* * * LOW HITPOINT WARNING * * *
You feel very sick.
It was a potion of invisibility.
You fade into invisibility!
You die...

≈≈≈.≈≈≈# ♣≈≈≈.≈≈≈≈≈≈ #≈#≈≈≈≈#
♣♣.≈≈...≈≈≈≈ #≈#≈≈≈#
♣≈≈≈≈♣♣≈≈≈≈≈ #≈.§..#
♣≈.♣♣♣♣♣♣♣♣♣ ##≈.≈§# ♣♣≈≈♣
#≈.§##≈♣ ♣♣.♣ ♣♣♣ ## ##≈## .
♣≈.♣♣ ♣♣♣ ♣≈#♣♣♣ ♣♣≈###..#≈♣
♣♣≈≈≈♣♣ ♣≈.
♣♣≈≈≈≈♣♣♣≈♣.≈#..@#.♣ ♣.≈≈.≈♣♣
♣≈≈ ♣≈≈≈≈≈♣♣≈≈♣♣(#...≈♣♣
♣§[≈≈..♣ ♣♣♣
≈§≈≈≈≈♣≈≈#♣♣♣..≈.≈♣≈♣♣.#≈≈≈♣♣
≈≈≈#≈≈≈#...≈♣♣♣..♣♣♣.≈.≈.≈♣♣
♣..♣≈♣≈≈♣♣≈≈♣♣♣.........≈≈≈♣
≈≈...♣♣♣♣§♣♣≈♣....≈..#..§.≈≈(.
♣...♣♣♣♣#≈≈♣♣.^........).≈♣≈..
..≈♣≈♣.♣.§.≈≈≈≈≈≈.♣≈.<.≈≈♣[≈≈≈.
♣.≈..≈≈..≈≈.≈≈≈≈≈≈≈....≈≈≈≈≈≈≈.
♣


There were no monsters in sight!

Vanquished Creatures
  Rupert (D:12)
  Kirke (Lair:4)
  2 orc warlords (Orc:2)
  Azrael (D:12)
  Josephine (D:15)
  Fannar (D:12)
  Harold (D:11)
  13 hydras
  The ghost of Gargoyl the Protected, a journeyman CeAK of Lugonu (Lair:2)
  2 ice dragons (D:15)
  3 catoblepae (Lair:6)
  2 dancing weapons (D:14)
  2 ghost crabs (Swamp:4)
  4 alligators
  The ghost of 3rdEnemy the Blocker, a novice MiFi of Okawaru (D:9)
  7 death yaks
  7 two-headed ogres
  A tengu warrior (D:13)
  4 orc high priests
  A shock serpent (shapeshifter) (D:15)
  3 spriggans (Swamp:2)
  Sonja (D:14)
  3 skeletal warriors
  3 unseen horrors
  4 swamp dragons
  7 orc knights
  A shambling mangrove (Swamp:1)
  Pikel (D:7)
  2 deep elf magi (D:12)
  A wolf spider zombie (D:15)
  5 cyclopes
  11 orc sorcerers
  6 ugly things
  4 manticores
  5 elephants (Lair:3)
  Maurice (D:8)
  Joseph (D:7)
  A centaur zombie (D:15)
  2 black mambas
  A molten gargoyle (Lair:4)
  Psyche (D:8)
  4 rime drakes
  A gargoyle (D:14)
  11 spiny frogs
  2 komodo dragons
  2 tengu conjurers
  A freezing wraith (D:14)
  6 trolls
  10 hornets
  9 blink frogs
  10 tyrant leeches
  A dream sheep (Lair:6)
  9 hippogriffs
  5 bog bodies
  8 slime creatures
  A hippogriff (shapeshifter) (D:14)
  A centaur simulacrum (D:15)
  A shadow (D:12)
  5 wraiths
  2 wyverns
  5 basilisks
  34 yaks
  A fire elemental (D:12)
  A hungry ghost (D:11)
  4 hogs (Lair:4)
  23 vampire mosquitoes
  Menkaure (D:5)
  4 insubstantial wisps (Swamp:4)
  2 nagas (Lair:3)
  3 acid dragons
  12 swamp worms
  8 wargs
  11 water moccasins
  9 porcupines
  3 hell hounds (D:12)
  49 orc warriors
  3 sky beasts
  A hornet zombie (D:6)
  3 slaves
  12 swamp drakes
  A necrophage (D:8)
  3 black bears
  An ice beast (D:15)
  14 ogres
  3 phantoms
  3 wolves (Lair:2)
  7 crocodiles
  10 centaurs
  23 bullfrogs
  3 big kobolds
  A gnoll sergeant (D:6)
  2 scorpions
  4 killer bees
  8 wights
  7 howler monkeys
  An electric eel (Lair:3)
  7 crimson imps
  4 hounds
  4 jellies
  2 bullfrog zombies
  3 bullfrog skeletons
  5 centaur skeletons
  31 orc priests
  Crazy Yiuf (D:3)
  33 orc wizards
  Terence (D:3)
  6 iguanas
  7 hell rats (Lair:5)
  11 worker ants
  2 hound skeletons
  3 worker ant zombies
  10 gnolls
  19 adders
  A river rat (D:6)
  2 shadow imps
  2 oozes (Sewer)
  3 adder zombies
  2 adder skeletons
  2 worms
  2 dart slugs
  5 leopard geckos
  128 orcs
  8 bats
  7 giant cockroaches
  7 goblins
  13 hobgoblins
  16 jackals
  A ball python (Sewer)
  3 frilled lizards
  24 kobolds
  2 leopard gecko skeletons
  A leopard gecko zombie (D:8)
  A quokka skeleton (D:6)
  7 rats
  5 fungi
880 creatures vanquished.

Vanquished Creatures (others)
  A slave (D:7)
  An orc warrior (Orc:2)
  5 fungi
  5 plants (Lair:6)
12 creatures vanquished.

Grand Total: 892 creatures vanquished

Notes
Turn   | Place    | Note
-------+----------+-------------------------------------------
     0 | D:1      | Htamos the Deep Elf Conjurer began the quest for the Orb.
     0 | D:1      | Reached XP level 1. HP: 10/10 MP: 6/6
   334 | D:1      | Reached XP level 2. HP: 15/15 MP: 3/9
   915 | D:1      | Reached XP level 3. HP: 19/19 MP: 8/11
  1033 | D:1      | Reached skill level 5 in Spellcasting
  1721 | D:2      | Found a bloodstained altar of Trog.
  1802 | D:2      | You fall through a shaft for 2 floors!
  1806 | D:4      | Reached XP level 4. HP: 20/24 MP: 8/13
  2072 | D:4      | Noticed a phantom
  2370 | D:2      | Found a glowing silver altar of Zin.
  2374 | D:2      | Found a radiant altar of Vehumet.
  2383 | D:2      | Found a deep blue altar of Sif Muna.
  2389 | D:2      | Became a worshipper of Sif Muna the Loreminder
  2890 | D:2      | Found a glowing golden altar of the Shining One.
  3228 | D:3      | Found a hide-covered altar of Uskayaw.
  3231 | D:3      | Noticed a hand axe
  3232 | D:3      | Noticed a dagger
  3322 | D:3      | Found a shattered altar of Ashenzari.
  3327 | D:3      | Noticed Terence
  3344 | D:3      | Killed Terence
  3344 | D:3      | Reached XP level 5. HP: 28/28 MP: 4/16
  3488 | D:3      | Found a runed door.
  3978 | D:3      | Learned a level 4 spell: Iskenderun's Mystic Blast
  4098 | D:3      | Noticed Crazy Yiuf
  4110 | D:3      | Killed Crazy Yiuf
  4110 | D:3      | Reached * piety under Sif Muna
  4277 | D:4      | Killed a phantom
  4277 | D:4      | Reached XP level 6. HP: 21/32 MP: 1/19
  5400 | D:5      | Entered Level 5 of the Dungeon
  5653 | D:5      | Reached skill level 10 in Spellcasting
  5870 | D:5      | Noticed an orc warrior
  5872 | D:5      | Reached XP level 7. HP: 36/36 MP: 13/22
  6284 | D:5      | Reached ** piety under Sif Muna
  6322 | D:5      | Noticed Menkaure
  6324 | D:5      | Killed Menkaure
  6897 | D:5      | Got an ancient ring mail
  7455 | D:5      | Identified the +1 ring mail "Imaeduj" {rC- rN+++ Dex+3 Stlth+} (You found it on level 5 of the Dungeon)
  7503 | D:6      | Reached XP level 8. HP: 39/41 MP: 20/26
  7840 | D:6      | Found a glowing drain.
  7849 | Sewer    | Entered a sewer
  8429 | Sewer    | Reached *** piety under Sif Muna
  8583 | D:6      | Found a blossoming altar of Fedhas.
  8902 | D:6      | Found an opulent altar of Gozag.
  9337 | D:7      | Noticed Pikel
  9592 | D:7      | Found a burning altar of Makhleb.
 10429 | D:7      | Reached XP level 9. HP: 45/45 MP: 16/29
 10604 | D:6      | Reached skill level 15 in Spellcasting
 10775 | D:6      | Reached **** piety under Sif Muna
 10967 | D:7      | Killed Pikel
 11773 | D:7      | Noticed Joseph
 11798 | D:7      | Killed Joseph
 11798 | D:7      | Reached ***** piety under Sif Muna
 12189 | D:7      | Found a staircase to the Ecumenical Temple.
 12393 | D:8      | Noticed Maurice
 12399 | D:8      | Killed Maurice
 12399 | D:8      | Identified Sif Muna's Collected Works on Lethal Poison (Sif Muna gifted it to you on level 8 of the Dungeon)
 12399 | D:8      | Received a gift from Sif Muna
 12399 | D:8      | Reached skill level 5 in Conjurations
 12649 | D:8      | Noticed Psyche
 12660 | D:8      | Killed Psyche
 12660 | D:8      | Reached XP level 10. HP: 45/50 MP: 8/32
 12845 | D:8      | Found an ancient bone altar of Kikubaaqudgha.
 13111 | D:8      | Found a burning altar of Makhleb.
 13340 | D:8      | Found a deep blue altar of Sif Muna.
 13594 | D:9      | Noticed 3rdEnemy's ghost (novice MiFi)
 13651 | D:10     | Entered Level 10 of the Dungeon
 13958 | D:9      | Learned a level 4 spell: Force Lance
 14509 | D:9      | Found a roughly hewn altar of Beogh.
 14597 | D:9      | Killed 3rdEnemy's ghost
 14966 | D:9      | Reached skill level 10 in Conjurations
 15160 | D:9      | Found a hazy altar of Hepliaklqana.
 15161 | D:9      | Found a shimmering altar of Xom.
 15191 | D:9      | Found a bloodstained altar of Trog.
 15595 | D:9      | Found Relerho's Magic Scroll Emporium.
 15609 | D:9      | Bought a scroll of enchant armour for 105 gold pieces
 15609 | D:9      | Bought a scroll of brand weapon for 280 gold pieces
 15609 | D:9      | Bought a scroll of enchant armour for 105 gold pieces
 16118 | D:9      | Noticed a two-headed ogre
 16320 | D:9      | Killed a two-headed ogre
 16320 | D:9      | Reached XP level 11. HP: 54/54 MP: 21/33
 16562 | D:9      | Received a gift from Sif Muna
 16563 | D:9      | Identified Sif Muna's Incunabulum of the Camelopard (Sif Muna gifted it to you on level 9 of the Dungeon)
 16661 | D:10     | Noticed a two-headed ogre
 16665 | D:10     | Killed a two-headed ogre
 16742 | D:10     | Gained mutation: Your flesh is cold resistant. (rC+) [potion of mutation]
 16742 | D:10     | Gained mutation: You are partially covered in rugged brown scales. (AC +1, +3% HP) [potion of mutation]
 16742 | D:10     | Gained mutation: You are clumsy. (Dex -2) [potion of mutation]
 16742 | D:10     | Gained mutation: You are robust. (+10% HP) [potion of mutation]
 16904 | D:10     | Got a pitted golden ring
 17072 | D:10     | Found a blossoming altar of Fedhas.
 17085 | D:10     | Noticed a two-headed ogre
 17089 | D:10     | Killed a two-headed ogre
 18092 | D:10     | Found a staircase to the Lair.
 18598 | D:10     | Found a staircase to the Orcish Mines.
 18745 | D:11     | Noticed an eight-headed hydra
 18748 | D:11     | Killed an eight-headed hydra
 18932 | D:11     | Noticed Harold
 19104 | D:11     | Noticed a purple ugly thing
 19243 | D:10     | Killed a purple ugly thing
 19335 | D:11     | Received a gift from Sif Muna
 19409 | D:11     | Killed Harold
 19553 | D:10     | Identified the ring of Kees {rF++ MR+ Dex-4} (You took it off an orc on level 10 of the Dungeon)
 19687 | D:11     | Killed an unseen horror
 19687 | D:11     | Reached skill level 15 in Conjurations
 19935 | D:11     | Noticed a two-headed ogre
 19939 | D:11     | Killed a two-headed ogre
 19939 | D:11     | Reached XP level 12. HP: 51/66 MP: 17/34
 21200 | D:12     | Noticed a five-headed hydra
 21204 | D:12     | Killed a five-headed hydra
 21205 | D:12     | Noticed Fannar
 21357 | Lair:1   | Entered Level 1 of the Lair of Beasts
 21931 | Lair:1   | Noticed a six-headed hydra
 21934 | Lair:1   | Killed a six-headed hydra
 21934 | Lair:1   | Reached skill level 1 in Fighting
 22240 | Lair:2   | Noticed Gargoyl's ghost (journeyman CeAK)
 22246 | Lair:2   | Killed Gargoyl's ghost
 23421 | Lair:3   | Noticed a four-headed hydra
 23424 | Lair:3   | Killed a four-headed hydra
 23424 | Lair:3   | Reached skill level 5 in Fighting
 23765 | Lair:3   | Found a staircase to the Snake Pit.
 23912 | Lair:3   | Found a staircase to the Swamp.
 24396 | Lair:3   | You fall through a shaft!
 24404 | Lair:3   | Identified Sif Muna's Catalogue of Vitriolic Battle Magic (Sif Muna gifted it to you on level 3 of the Lair of Beasts)
 24404 | Lair:3   | Received a gift from Sif Muna
 24414 | Lair:3   | Learned a level 7 spell: Orb of Destruction
 24419 | Lair:3   | Learned a level 4 spell: Fulminant Prism
 24512 | Lair:3   | Learned a level 5 spell: Fireball
 24995 | Lair:4   | Noticed Kirke
 24997 | Lair:4   | Reached XP level 13. HP: 85/85 MP: 22/35
 25213 | Lair:4   | Killed Kirke
 25730 | Lair:4   | Got a shimmering cloak
 25761 | Lair:4   | Identified the +1 cloak of the Slug {rElec} (You found it on level 4 of the Lair of Beasts)
 26363 | Lair:4   | Reached skill level 1 in Armour
 27851 | Lair:6   | Entered Level 6 of the Lair of Beasts
 28702 | Lair:6   | Found a staircase to the Slime Pits.
 28704 | Lair:6   | Found a viscous altar of Jiyva.
 28793 | Lair:6   | Reached skill level 5 in Dodging
 31381 | Lair:5   | Reached XP level 14. HP: 97/97 MP: 1/36
 32030 | Lair:6   | Reached skill level 5 in Armour
 32856 | D:12     | Found Woisch's Antique Weapon Boutique.
 33237 | D:12     | Killed Fannar
 33237 | D:12     | Reached skill level 1 in Short Blades
 34181 | D:12     | Noticed Rupert
 34378 | D:12     | Paralysed by Rupert for 5 turns
 34384 | D:12     | Paralysed by Rupert for 3 turns
 34390 | D:12     | Killed Rupert
 34573 | D:12     | Noticed Azrael
 34587 | D:12     | Killed Azrael
 35754 | D:13     | Reached skill level 10 in Fighting
 35956 | D:13     | Found Beoddav's General Store.
 35962 | D:13     | Bought a potion of magic for 136 gold pieces
 36783 | D:14     | Reached skill level 1 in Shields
 37308 | D:14     | Found a gate to the Vaults.
 37954 | D:14     | Found a shimmering altar of Xom.
 38206 | D:14     | Noticed Sonja
 38716 | D:14     | Killed Sonja
 39207 | D:15     | Entered Level 15 of the Dungeon
 39737 | D:15     | Found a portal to a secret trove of treasure.
 39816 | D:15     | Found Bosk's Jewellery Emporium.
 39819 | D:15     | Bought a +5 amulet of reflection for 535 gold pieces
 39996 | D:15     | Noticed Josephine
 40000 | D:15     | Killed Josephine
 40377 | D:15     | Reached XP level 15. HP: 93/103 MP: 33/37
 40952 | D:15     | Found a staircase to the Depths.
 41574 | Orc:1    | Entered Level 1 of the Orcish Mines
 41592 | Orc:1    | Reached skill level 5 in Short Blades
 41592 | Orc:1    | Reached skill level 10 in Dodging
 42047 | Orc:1    | Found a radiant altar of Vehumet.
 42334 | Orc:2    | Entered Level 2 of the Orcish Mines
 42334 | Orc:2    | Found Basegil's Armour Emporium.
 42937 | Orc:1    | Identified a scroll of acquirement
 42951 | Orc:2    | Bought the +2 helmet of Bogymn {MP+9 Str+2} for 579 gold pieces
 43066 | Orc:2    | Found a staircase to the Elven Halls.
 43890 | Orc:2    | Noticed an orc warlord
 44066 | Orc:2    | Killed an orc warlord
 44066 | Orc:2    | Reached skill level 5 in Shields
 44849 | Orc:2    | Noticed an orc warlord
 45085 | Orc:2    | Killed an orc warlord
 45596 | Orc:2    | Found Wexugaz's General Store.
 45597 | Orc:2    | Found Xulitt's Jewellery Shop.
 45599 | Orc:2    | Found Ifaecewa's Antique Armour Boutique.
 45599 | Orc:2    | Found Puxzeul's Antique Weapon Boutique.
 45734 | Orc:2    | Bought the ring "Nistiot" {rN+ AC+3 Str-5 Int+9 Stlth-} for 431 gold pieces
 45966 | Orc:1    | Received a gift from Sif Muna
 46101 | Orc:1    | Found a roughly hewn altar of Beogh.
 46675 | Slime:1  | Entered Level 1 of the Pits of Slime
 46675 | Slime:1  | Noticed an acid blob
 46797 | Swamp:1  | Entered Level 1 of the Swamp
 48030 | Swamp:1  | Got a crude ring mail
 48041 | Swamp:1  | Identified the +1 ring mail of Uskayaw's Approval {*Contam rN+ Int+2 SInv} (You found it on level 1 of the Swamp)
 48074 | Swamp:1  | Paralysed by a hornet for 3 turns
 48411 | Swamp:1  | Got a steaming trident
 48412 | Swamp:1  | Identified the cursed +1 trident of Equivalence {venom, rC- Dex+3} (You found it on level 1 of the Swamp)
 50334 | Swamp:3  | Reached XP level 16. HP: 110/110 MP: 38/38
 50712 | Swamp:3  | Got a dazzling chain mail
 50723 | Swamp:3  | Identified the +5 chain mail of Calculation {*Slow +Blink Dex-5 SInv} (You found it on level 3 of the Swamp)
 51174 | Swamp:4  | Entered Level 4 of the Swamp
 52482 | Swamp:4  | HP: 3/110 [poison (poison gas)]
 52483 | Swamp:4  | Succumbed to poison (poison gas)

Skill      XL: |  1  2  3  4  5  6  7  8  9 10 11 12 13 14 15 16 |
---------------+-------------------------------------------------+-----
Spellcasting   | 4 5 7 8 10 12 14 16 | 16.9
Conjurations   | 6 11 15 16 | 16.4
Fighting       | 6 9 10 | 10.5
Dodging        | 7 9 10 | 10.2
Armour         | 4 6 7 |  7.0
Short Blades   | 4 8 |  8.0
Shields        | 3 8 9 |  9.5
Stealth        | |  2.4

Action                   |  1- 3 |  4- 6 |  7- 9 | 10-12 | 13-15 | 16-18 || total
-------------------------+-------+-------+-------+-------+-------+-------++-------
Melee: Unarmed           |    15 |     2 |       |       |       |       ||    17
       Shortbow          |       |    11 |     2 |       |       |       ||    13
       Whip              |       |       |     5 |       |       |       ||     5
       Quick blade       |       |       |       |       |   133 |       ||   133
 Fire: Shortbow          |       |    15 |    13 |    10 |    29 |       ||    67
 Cast: Magic Dart        |    92 |   155 |   209 |   171 |   170 |     8 ||   805
       Iskenderun's Myst |       |    14 |   128 |   355 |   852 |    87 ||  1436
       Force Lance       |       |       |       |       |   133 |       ||   133
Evoke: Wand              |       |       |     3 |     3 |    10 |       ||    16
  Use: Scroll            |       |    14 |     2 |    20 |    17 |     2 ||    55
       Potion            |       |     2 |    11 |     8 |    16 |     3 ||    40
  Eat: Chunk             |     3 |     9 |    20 |    31 |    42 |     3 ||   108
       Ration            |       |     1 |       |     2 |    10 |     1 ||    14
Armor: Robe              |     3 |     5 |    11 |     4 |       |       ||    23
       Ring mail         |       |       |    61 |       |     5 |       ||    66
       Scale mail        |       |       |       |    73 |   261 |    12 ||   346
       Skin              |       |       |       |       |    44 |       ||    44
Dodge: Dodged            |    28 |    22 |    98 |    55 |   105 |       ||   308
Block: Shield            |       |       |       |       |   213 |     9 ||   222
       Reflection        |       |       |       |       |    18 |       ||    18
